 Dungeon Crawl Stone Soup version 0.23-a0-650-ga4d50d4 (webtiles) character file.

69 4thArraOfDagon the Cudgeler (level 4, -6/33 HPs)
             Began as a Mummy Warper on Jan 2, 2019.
             Was a Follower of Uskayaw.
             Killed from afar by an orc wizard (19 damage)
             ... with a puff of flame
             ... on level 6 of the Dungeon.
             The game lasted 00:02:51 (926 turns).

4thArraOfDagon the Cudgeler (Mummy Warper)           Turns: 926, Time: 00:02:52

Health: -6/33      AC:  7    Str: 14    XL:     4   Next: 2%
Magic:  8/8        EV:  9    Int: 13    God:    Uskayaw [*.....]
Gold:   108        SH:  0    Dex: 11    Spells: 8/8 levels left

rFire    x . .     SeeInvis .   k - +0 morningstar
rCold    + . .     Gourm    .   (no shield)
rNeg     + + +     Faith    .   c - +0 scale mail
rPois    ∞         Spirit   .   (no helmet)
rElec    .         Reflect  .   h - +0 cloak
rCorr    .         Harm     .   (no gloves)
MR       .....                  (no boots)
Stlth    ..........             (no amulet)
HPRegen  0.11/turn              (no ring)
MPRegen  0.11/turn              (no ring)

@: no status effects
A: no food or potions, fire vulnerability, cold resistance 1, negative energy
resistance 3, torment resistance, unbreathing
a: Stomp, Renounce Religion


You were on level 6 of the Dungeon.
You worshipped Uskayaw.
Uskayaw was noncommittal.
You were not hungry.

You visited 1 branch of the dungeon, and saw 6 of its levels.

You collected 108 gold pieces.

Inventory:

Hand Weapons
 a - a +0 mace
 k - a +0 morningstar (weapon)
Missiles
 e - 5 tomahawks of dispersal (quivered)
Armour
 b - a +0 leather armour
 c - a +0 scale mail (worn)
 h - a +0 cloak (worn)
Scrolls
 f - a scroll of noise {unknown}
 j - a scroll of remove curse


   Skills:
 - Level 2.0 Fighting
 * Level 3.5 Maces & Flails
 - Level 0.7 Throwing
 - Level 0.7 Armour
 - Level 1.5 Dodging
 - Level 2.6 Spellcasting
   Level 2.4 Translocations
 + Level 0.0 Invocations


You had 8 spell levels left.
You didn't know any spells.
Your spell library contained the following spells:

 Spells                   Type           Power        Failure   Level  Hunger
 Blink                    Tloc           N/A          50%         2    N/A
 Shroud of Golubria       Chrm/Tloc      #.........   67%         2    N/A
 Gell's Gravitas          Tloc           #.........   75%         3    N/A
 Lesser Beckoning         Tloc           #.........   75%         3    N/A
 Teleport Other           Tloc           #.......     75%         3    N/A
 Passage of Golubria      Tloc           N/A          98%         4    N/A

Dungeon Overview and Level Annotations

Branches:
Dungeon (6/15)
 Temple: D:4-7

Altars:
Uskayaw
Xom
Zin


Innate Abilities, Weirdness & Mutations

You do not eat or drink.
Your flesh is vulnerable to fire.
You are immune to poison.
Your flesh is cold resistant. (rC+)
You are immune to negative energy. (rN+++)
You are immune to unholy pain and torment.
You can survive without breathing.


Message History

Found 18 gold pieces.
Unknown command.
You feel less confused.
A magic dart appears from out of thin air!
The magic dart hits you!
Unknown command.
Found a scroll labeled VOCHU QAICZOQ.
Unknown command.
Unknown command.
As you read the scroll labeled PAV ZEUDECUNATHO, it crumbles to dust.
It is a scroll of identify.
j - a scroll of remove curse
As you read the scroll labeled WIHEJE BERCH, it crumbles to dust.
It is a scroll of amnesia.
You feel forgetful for a moment.
You hear some strange, mumbled words.
A puff of flame appears from out of thin air!
The puff of flame hits you! The fire burns you terribly!
Ouch! That really hurt!
You die...

### ..... #?. ....
#.####.### ..
#.##.....## ... # ##
#.#.......#.... ..##.#
#.#.......#....
......##..o.._........
....$....#.......#....
.......@.#..)....# ..
#........##.....##
.....##..####.####...
.... ##.............
#.. #).###.##.o... #.
....## #....o..# # .
.## ##...o..# .#.#.##
##.# ..


You could see an orc wizard.

Vanquished Creatures
  A howler monkey (D:5)
  An adder (D:3)
  4 orcs
  2 bats (D:2)
  A giant cockroach (D:5)
  2 hobgoblins
  2 kobolds
  A quokka (D:2)
  2 frilled lizards
  A goblin (D:1)
  3 rats
20 creatures vanquished.

Notes
Turn   | Place    | Note
-------+----------+-------------------------------------------
     0 | D:1      | 4thArraOfDagon the Mummy Warper began the quest for the
                  | Orb.
     0 | D:1      | Reached XP level 1. HP: 16/16 MP: 4/4
   159 | D:2      | Reached skill level 2 in Maces & Flails
   264 | D:2      | Reached XP level 2. HP: 22/22 MP: 5/5
   382 | D:4      | Found a shimmering altar of Xom.
   398 | D:5      | Entered Level 5 of the Dungeon
   406 | D:5      | Noticed a howler monkey
   415 | D:5      | Killed a howler monkey
   415 | D:5      | Reached skill level 3 in Maces & Flails
   415 | D:5      | Reached XP level 3. HP: 24/27 MP: 7/7
   839 | D:5      | Found a glowing silver altar of Zin.
   840 | D:5      | Noticed an angel
   861 | D:4      | Noticed an ogre
   870 | D:5      | Noticed an orc warrior
   894 | D:6      | Found a hide-covered altar of Uskayaw.
   902 | D:6      | Became a worshipper of Uskayaw the Reveler
   906 | D:6      | Reached * piety under Uskayaw
   910 | D:6      | Reached XP level 4. HP: 27/33 MP: 8/8
   926 | D:6      | Killed from afar by an orc wizard

Vault maps used:
D:1:      lemuel_arrival_tunnels, minmay_misc_feat_more_columns
D:2:      chequers_serial_rivers_micro_c, minmay_misc_feat_pillars
D:3:      cheibrodos_helix_gallery, nicolae_overflow_crystal_walls,
          serial_curves, eino_curves_03, eino_curves_03
D:4:      cheibriados_altar_1, overflow_temple_1_default, first_ration,
          minmay_door_square
D:5:      zin_angel, nicolae_overflow_hidden_temple, minmay_puff, uniq_ijyb,
          uniq_grinder
D:6:      grunt_temple_overflow_growth_and_decay, lemuel_doored_altar,
          old_standard_altar, minmay_temple_entry_ruins, xom_teletrap_fun,
          uniq_eustachio, uniq_blork_the_orc

Skill      XL: |  1  2 |
---------------+-------+-----
Maces & Flails | 2 3 |  3.5
Fighting       | |  2.0
Throwing       | |  0.7
Armour         | |  0.7
Dodging        | |  1.5
Spellcasting   | |  2.6
Translocations | |  2.4

Action                   |  1- 3 |  4- 6 || total
-------------------------+-------+-------++-------
Melee: Mace              |    57 |       ||    57
       Morningstar       |    12 |     5 ||    17
  Use: Scroll            |     1 |     2 ||     3
Armor: Scale mail        |    54 |     5 ||    59
Dodge: Dodged            |    43 |       ||    43

Table legend:
 A = Non-vault XP
 B = Vault XP
 C = Vault XP percentage of total XP
 D = Non-vault monster count
 E = Vault monster count
 F = Vault count percentage of total count
                 A         B        C        D         E       F
            +---------+---------+-------+---------+---------+-------
      Total |      95 |       4 |   4.0 |      18 |       2 |  10.0
            +---------+---------+-------+---------+---------+-------
        D:1 |       3 |       0 |   0.0 |       2 |       0 |   0.0
        D:2 |      11 |       0 |   0.0 |       7 |       0 |   0.0
        D:3 |      15 |       4 |  21.1 |       3 |       2 |  40.0
        D:5 |      60 |       0 |   0.0 |       4 |       0 |   0.0
        D:6 |       6 |       0 |   0.0 |       2 |       0 |   0.0
            +---------+---------+-------+---------+---------+-------
